 Dungeon Crawl Stone Soup version 0.32-a0-981-g384da2ce10 (webtiles) character file.

Game seed: 11142828348660408192

510 KennySheep the Firebug (level 6, -1/37 HPs)
             Began as a Deep Elf Cinder Acolyte on Apr 21, 2024.
             Was a High Priest of Ignis.
             Killed by divine providence
             ... invoked by an orc priest
              (14 damage)
             ... on level 4 of the Dungeon.
             The game lasted 00:15:02 (3498 turns).

KennySheep the Firebug (Deep Elf Cinder Acolyte)    Turns: 3498, Time: 00:15:03

Health: -1/37      AC:  5    Str: 11      XL:     6   Next: 98%
Magic:  11/13      EV: 11    Int: 21      God:    Ignis [*****.]
Gold:   261        SH:  0    Dex:  9 (10) Spells: 10/12 levels left

rFire   + . .        c - staff of conjuration
rCold   . . .        (no shield)
rNeg    . . .        b - +0 robe
rPois   .            (no helmet)
rElec   .            (no cloak)
rCorr   .            o - +2 pair of gloves
SInv    .            (no boots)
Will    .....        (no amulet)
Stlth   +            (no ring)
HPRegen 0.26/turn    (no ring)
MPRegen 0.13/turn

%: no passive effects
@: no status effects
A: deterioration 1
a: Renounce Religion, Fiery Armour, Foxfire Swarm, Rising Flame


You were on level 4 of the Dungeon.
You worshipped Ignis.
Ignis was extremely pleased with you.
You visited 1 branch of the dungeon, and saw 4 of its levels.

You collected 261 gold pieces.

Inventory:

Hand Weapons
 a - a -1 mace of flaming
Armour
 b - a +0 robe (worn)
 o - a +2 pair of gloves (worn)
Magical Staves
 c - a staff of conjuration (weapon)
Wands
 q - a wand of flame (16)
Scrolls
 d - a scroll of fear {unknown}
 f - 3 scrolls of identify {unknown}
 k - a scroll of teleportation {unknown}
 m - a scroll of poison {unknown}
Potions
 e - a potion of mutation
 g - a potion of heal wounds {unknown}
 h - a potion of degeneration {unknown}
 i - a potion of brilliance {unknown}
 j - 3 potions of might {unknown}
 l - a potion of attraction {unknown}
 n - a potion of haste {unknown}
 p - a potion of lignification {unknown}


   Skills:
 + Level 3.5 Fighting
 - Level 2.1(2.5) Maces & Flails
 + Level 2.7(3.3) Staves
 + Level 3.1 Dodging
 + Level 3.8 Spellcasting
 + Level 2.5 Conjurations
 - Level 4.0 Fire Magic
 + Level 2.7 Evocations


You had 10 spell levels left.
You knew the following spells:

 Your Spells              Type           Power      Damage    Failure   Level
a - Scorch                Fire           40%        2d6       3%          2

Your spell library contained the following spells:

 Spells                   Type           Power      Damage    Failure   Level
 Sting                    Conj/Alch      52%        1d6       8%          1
 Apportation              Tloc           8%         N/A       12%         1
 Necrotise                Necr           16%        1d4       12%         1
 Summon Small Mammal      Summ           16%        N/A       12%         1
 Olgreb's Toxic Radiance  Alch           4%         N/A       77%         4
 Ozocubu's Refrigeration  Ice            2%         4d7       100%        7
 Discord                  Hex            2%         N/A       100%        8


Dungeon Overview and Level Annotations

Branches:
Dungeon (4/15)
 Temple: D:4-7

Altars:
Kikubaaqudgha
Nemelex Xobeh
Ru


Innate Abilities, Weirdness & Mutations

Your body sometimes deteriorates upon taking damage.


Message History

You open the door.
There is an open door here.
Key pressed, stopping explore.
You see here a +2 flail of protection.
You open the door.
Found 8 stones.
There is an open door here.
Something unseen opens the door.
You sense a monster nearby.
An orc comes into view. It is wielding a +0 short sword.
An orc is nearby!
A goblin comes into view. It is wielding a +0 club.
The orc shouts!
The goblin shouts!
You hear a shout!
You see here 8 stones. 2 orcs come into view.
The orc shouts!
An orc priest comes into view. It is wielding a +0 flail.
An orc priest comes into view. It is wielding a +0 short sword.
Casting: Scorch (safe; 3% risk of failure)
Press: ? - help, Q - select action, (/) - cycle Dir - look around, f - activate Flames lash the orc.
The orc is heavily wounded.
The orc's fire resistance burns away.
The orc priest shouts!
Casting: Scorch (safe; 3% risk of failure)
Confirm with . or Enter, or press ? or * to list all spells.
Okay, then.
The orc attacks as it pursues you! The orc hits you with a +0 short sword.
Your body deteriorates!
You feel clumsy.
The orc priest calls down the wrath of Beogh upon you.
Beogh smites you! The orc attacks as it pursues you!
The orc hits you but does no damage.
The orc is no longer more vulnerable to fire.
The orc attacks as it pursues you! The orc hits you with a +0 short sword.
There is an open door, spattered with blood here.
Found an escape hatch in the ceiling.
The orc priest mumbles some strange prayers to Beogh against you.
Beogh smites you!
You die...
Ignis goes out, and joins you in death.

#####.###... #..........
#......##.########
#......#.........#
#####....†.#..#....#.###
<.........|#....#....##.
..............>###....
######.......#.#.........
........@.............##.
#####..###.####..###.##.
#+#...#o## #.. #..# #.##.
###..$...g#####. #..# #.##.
#.....(.....#.#+# #..###.##.
##.........##...###.........
..'.........'......#..######.
..##...o...##......#.......'.
. #....o..#.......#...#####.


You could see an orc priest, an orc and a goblin.

Vanquished Creatures
  Grinder (D:4)
  A hound (D:4)
  2 orc priests
  A sleepcap (D:3)
  An iguana (D:4)
  2 orc wizards (D:4)
  4 adders
  A dart slug (D:1)
  7 orcs
  7 ball pythons
  2 bats (D:1)
  4 endoplasms
  A giant cockroach (D:1)
  8 goblins
  10 hobgoblins
  8 kobolds
  4 quokkas
  5 frilled lizards
  6 rats
75 creatures vanquished.

Notes
Turn   | Place    | Note
-------+----------+-------------------------------------------
     0 | D:1      | KennySheep the Deep Elf Cinder Acolyte began the quest for
                  | the Orb.
     0 | D:1      | Reached XP level 1. HP: 13/13 MP: 5/5
   295 | D:1      | Reached XP level 2. HP: 11/18 MP: 6/6
   309 | D:1      | Learned a level 2 spell: Scorch
   682 | D:1      | Reached skill level 1 in Evocations
   926 | D:1      | Reached skill level 1 in Staves
   928 | D:1      | Reached XP level 3. HP: 22/22 MP: 1/8
  1035 | D:1      | Reached skill level 1 in Dodging
  2192 | D:3      | Reached XP level 4. HP: 27/27 MP: 4/9
  2194 | D:3      | Gained mutation: Your body sometimes deteriorates upon
                  | taking damage. [potion of mutation]
  2199 | D:3      | Reached skill level 1 in Conjurations
  2463 | D:3      | Reached XP level 5. HP: 26/32 MP: 0/11
  2660 | D:3      | Found a faded altar of an unknown god.
  2774 | D:3      | Found a sparkling altar of Nemelex Xobeh.
  2775 | D:3      | Found an ancient bone altar of Kikubaaqudgha.
  2775 | D:3      | Found a sacrificial altar of Ru.
  3040 | D:4      | Reached skill level 4 in Fire Magic
  3242 | D:4      | Noticed Grinder
  3242 | D:4      | Paralysed by Grinder for 5 turns
  3257 | D:4      | Killed Grinder
  3258 | D:4      | Reached XP level 6. HP: 22/37 MP: 0/13
  3498 | D:4      | Killed from afar by an orc priest

Illustrated notes

Levels and vault maps discovered:
D:1:      lightli_arrival_isolated_outpost, layout_basic, nicolae_hexahallways
D:2:      layout_loops_ring, guppyfry_early_lair_pool
D:3:      layout_basic, chequers_temple_overflow_statue_of_worship,
          ebering_ecumenical_altar_hall
D:4:      nicolae_cairo_tiling_very_big, layout_basic, uniq_grinder

Skill      XL: |  1  2  3  4  5  6 |
---------------+-------------------+-----
Spellcasting   | 2 3 |  3.8
Evocations     | 1 2 |  2.7
Staves         | 1 2 |  2.7
Dodging        | 1 2 3 |  3.1
Conjurations   | 1 2 |  2.5
Fighting       | 3 |  3.5
Fire Magic     | 4 |  4.0
Maces & Flails | |  2.1

Action                     |  1- 3 |  4- 6 || total
---------------------------+-------+-------++-------
  Melee: Staff             |    47 |    61 ||   108
   Cast: Scorch            |    38 |    34 ||    72
 Invoke: Fiery Armour      |     1 |     2 ||     3
    Use: Potion            |       |     1 ||     1
   Stab: Sleeping          |     1 |       ||     1
 Armour: Robe              |    22 |    48 ||    70
  Dodge: Dodged            |    29 |    36 ||    65

Table legend: (Time is in decaauts)
 A = Elapsed time spent in this place.
 B = Non-inter-level travel time spent in this place.
 C = Inter-level travel time spent in this place.
 D = Time resting spent in this place.
 E = Time spent auto-exploring this place.
 F = Levels seen in this place.
 G = Mean time per level.
                   A        B        C        D        E       F      G
               +--------+--------+--------+--------+--------+-----+--------+
         Total |   3513 |   3438 |     75 |    416 |   2515 |   4 |  878.2 |
       Dungeon |   3513 |   3438 |     75 |    416 |   2515 |   4 |  878.2 |
               +--------+--------+--------+--------+--------+-----+--------+

Top non-repeatable levels by time:
     D:1: 1405 daAuts
     D:3: 768 daAuts
     D:2: 747 daAuts
     D:4: 592 daAuts
